 Dungeon Crawl Stone Soup version 0.32-a0-928-g1cae6b7ea0 (webtiles) character file.

Game seed: 17816461171188104548

45 Ahpoh the Slasher (level 3, -4/27 HPs)
             Began as a Coglin Gladiator on Apr 12, 2024.
             Succumbed to a goblin's poison
             ... on level 2 of the Dungeon.
             The game lasted 00:06:16 (994 turns).

Ahpoh the Slasher (Coglin Gladiator)                 Turns: 994, Time: 00:06:16

Health: -4/27      AC:  4    Str: 14    XL:     3   Next: 64%
Magic:  3/3        EV: 12    Int:  7    God:
Gold:   70         SH:  0    Dex: 17    Spells: 2/2 levels left

rFire   . . .        a - +0 long sword {Nari}
rCold   . . .        f - +0 dagger {Nimrit}
rNeg    . . .        b - +0 leather armour
rPois   .            c - +0 helmet
rElec   .            (no cloak)
rCorr   .            (no gloves)
SInv    .            (no boots)
Will    .....        (amulet unavailable)
Stlth   +            (ring unavailable)
HPRegen 0.24/turn    (ring unavailable)
MPRegen 0.08/turn    (no gizmo)

%: no passive effects
@: lethally poisoned (-4 -> -24), revving
A: off-hand wielding, slow wielding, warmup strikes, no jewellery
a: Invent Gizmo


You were on level 2 of the Dungeon.
You visited 1 branch of the dungeon, and saw 2 of its levels.

You collected 70 gold pieces.

Inventory:

Hand Weapons
 a - a +0 long sword (weapon) {Nari}
 f - a +0 dagger (offhand) {Nimrit}
Missiles
 d - 3 throwing nets (quivered)
 e - a javelin
 r - 3 poisoned darts
Armour
 b - a +0 leather armour (worn)
 c - a +0 helmet (worn)
Scrolls
 g - a scroll of enchant weapon {unknown}
 h - a scroll of identify {unknown}
 k - 3 scrolls of poison {unknown}
 l - a scroll of noise {unknown}
 m - a scroll of torment {unknown}
 o - a scroll of amnesia {unknown}
 p - a scroll of teleportation {unknown}
Potions
 i - a potion of brilliance {unknown}
 j - a potion of berserk rage {unknown}
 n - a potion of ambrosia {unknown}
 q - a potion of enlightenment {unknown}


   Skills:
 * Level 2.2 Fighting
 * Level 3.7 Long Blades
 * Level 1.9 Throwing
 * Level 0.8 Armour
 * Level 3.1 Dodging


You had 2 spell levels left.
You didn't know any spells.
Your spell library was empty.

Dungeon Overview and Level Annotations

Branches:
Dungeon (2/15)

Altars:

Annotations:
D:2 Robin


Innate Abilities, Weirdness & Mutations

You can wield a second weapon in your off-hand.
It takes a long time for you to wield or remove held weapons.
Your first few attacks do less damage.
You cannot equip rings or amulets.


Message History

The goblin hits you with a +0 club. The goblin attacks as it pursues you!
The goblin hits you but does no damage.
A goblin comes into view. It is wielding a +0 club.
You hit the goblin with your +0 dagger.
You kill the goblin!
The goblin hits you with a +0 club. Robin throws the goblin at you!
The goblin hits you but does no damage. The goblin closely misses you.
Robin roars a battlecry!
The goblins go into a battle-frenzy!
The goblin attacks as it pursues you! The goblin barely misses you.
The goblin barely misses you. The goblin attacks as it pursues you!
The goblin closely misses you. The goblin attacks as it pursues you!
The goblin barely misses you. The goblin hits you with a +0 club.
The goblin attacks as it pursues you! The goblin hits you but does no damage.
The goblin closely misses you. The goblin attacks as it pursues you!
The goblin hits you but does no damage.
You are poisoned.
You feel very sick.
You feel sick.
You feel sick.
You feel sick.
You feel sick.
The goblin no longer looks unusually strong.
You feel sick.
You feel sick. The goblin attacks as it pursues you!
The goblin closely misses you.
You feel sick.
You are no longer poisoned.
The goblin no longer looks unusually strong.
You barely miss the goblin with your +0 dagger.
You closely miss the goblin with your +0 long sword.
The goblin hits you with a +2 dagger of venom.
* * * LOW HITPOINT WARNING * * *
You are lethally poisoned!
* * * LOW HITPOINT WARNING * * *
You feel very sick. The goblin attacks as it pursues you!
The goblin hits you but does no damage.
You are more poisoned.
You die...

.................รท...........
.#.#######.#.##.#.##.########
......)....#.##.#.##.#
.................<...#
...........#.##...####
..########.#.##....## .
.........#.##.....##
##########.######..## #@#
##..###### #. #.# ##..#...# #.
#g# ##.....# #.###### #.#
###...## #......# #g# #.....
#......# #g# #.....
#.....g#########g# ###...
#.....g..ggg.g...# .......
##.....g########## ........


You could see a hobgoblin and 3 goblins.

Vanquished Creatures
  An adder (D:2)
  A ribbon worm (D:2)
  6 bats
  3 endoplasms
  4 goblins
  3 jackals (D:1)
  2 quokkas
  5 ball pythons
  2 frilled lizards
  4 kobolds
  A rat (D:2)
32 creatures vanquished.

Notes
Turn   | Place    | Note
-------+----------+-------------------------------------------
     0 | D:1      | Ahpoh the Coglin Gladiator began the quest for the Orb.
     0 | D:1      | Reached XP level 1. HP: 16/16 MP: 1/1
   117 | D:1      | Reached XP level 2. HP: 20/22 MP: 2/2
   289 | D:1      | Found a faded altar of an unknown god.
   573 | D:2      | Reached XP level 3. HP: 27/27 MP: 3/3
   965 | D:2      | Noticed Robin
   993 | D:2      | HP: 1/27 [poisoned by a goblin]
   994 | D:2      | Succumbed to a goblin's poison

Illustrated notes

Levels and vault maps discovered:
D:1:      erik_arrival_cave_to_civilisation [erik_arrival_cave_to_hall],
          layout_basic, shapermc_ecumenical_altar_ellora
D:2:      layout_basic, uniq_robin

Skill      XL: |  1  2 |
---------------+-------+-----
Dodging        | 3 |  3.1
Fighting       | |  2.2
Long Blades    | |  3.7
Throwing       | |  1.9
Armour         | |  0.8

Action                     || total
---------------------------++-------
  Melee: Long sword        ||    65
         Dagger            ||    53
 Armour: Leather armour    ||    64
  Dodge: Dodged            ||    53

Table legend: (Time is in decaauts)
 A = Elapsed time spent in this place.
 B = Non-inter-level travel time spent in this place.
 C = Inter-level travel time spent in this place.
 D = Time resting spent in this place.
 E = Time spent auto-exploring this place.
 F = Levels seen in this place.
 G = Mean time per level.
                   A        B        C        D        E       F      G
               +--------+--------+--------+--------+--------+-----+--------+
         Total |    998 |    982 |     16 |      0 |    663 |   2 |  499.0 |
       Dungeon |    998 |    982 |     16 |      0 |    663 |   2 |  499.0 |
               +--------+--------+--------+--------+--------+-----+--------+

Top non-repeatable levels by time:
     D:1: 568 daAuts
     D:2: 430 daAuts
